Map: King's Cove LE

Players

Entropy - Winner!

  • Race: Terran Terran
  • League: Silver
  • Spawn Location: 5:00

TiPtOP

  • Race: Terran Terran
  • League: Silver
  • Spawn Location: 11:00

VOD

Have the link to the VOD?

Description

Time

  • Played on: Aug. 12, 2019, 11:58 a.m.
  • Length: 58:57
Show
View Real Time Build Order
Export as new Build Order

Entropy Terran - Winner!

Build Orders: Command Center First (CC) 

Get SALT Encoding   

  12  0:02  SCV  
  13  0:14  SCV  
  14  0:26  SCV  
  15  0:46  Supply Depot  
  15  1:07  SCV  
  16  1:14  Command Center  
  16  1:20  SCV  
  17  1:45  Command Center  
  17  1:54  SCV  
  18  2:06  SCV  
  19  2:29  Command Center  
  19  2:34  Barracks  
  19  2:35  SCV  
  19  2:36  SCV  
  21  2:47  SCV  
  21  2:48  SCV  
  23  2:57  SCV  
  24  2:59  SCV  
  24  3:00  SCV  
  26  3:09  SCV  
  26  3:11  SCV  
  28  3:13  SCV  
  28  3:14  Refinery  
  28  3:15  Refinery  
  28  3:19  Engineering Bay  
  29  3:21  SCV  
  29  3:23  SCV  
  31  3:30  SCV  
  31  3:33  SCV  
  33  3:35  SCV  
  34  3:43  SCV  
  34  3:45  SCV  
  34  3:47  SCV  
  37  3:52  SCV  
  37  3:55  SCV  
  39  3:57  SCV  
  39  4:00  SCV  
  39  4:01  Refinery  
  39  4:02  Refinery  
  41  4:04  SCV  
  41  4:05  Refinery  
  41  4:07  Refinery  
  41  4:08  Missile Turret  
  42  4:15  Barracks Tech Lab  
  42  4:16  SCV  
  44  4:17  Factory, SCV x3  
  46  4:29  SCV x4  
  50  4:41  SCV x4  
  54  4:53  SCV x3  
  54  4:56  Missile Turret  
  54  4:58  Planetary Fortress  
  57  5:05  SCV x3  
  60  5:07  Starport  
  60  5:12  Hi-Sec Auto Tracking  
  60  5:20  SCV x2  
  63  5:25  Barracks Tech Lab  
  63  5:27  SCV  
  63  5:32  SCV  
  63  5:33  Refinery  
  63  5:34  Planetary Fortress  
  63  5:35  Refinery  
  64  5:39  SCV  
  64  5:42  Missile Turret  
  65  5:46  Missile Turret, Planetary Fortress  
  65  5:49  Command Center  
  65  5:56  Command Center  
  65  6:00  SCV x2  
  67  6:07  Starport Tech Lab  
  67  6:12  Missile Turret, SCV  
  67  6:14  Missile Turret  
  67  6:18  Missile Turret  
  68  6:25  Starport x2  
  68  6:32  Fusion Core  
  68  6:35  Missile Turret  
  68  6:45  Armory  
  68  6:48  Missile Turret  
  68  6:51  Missile Turret x2  
  75  7:01  Siege Tank, SCV x4  
  75  7:10  Armory  
  75  7:13  SCV x2  
  75  7:15  Missile Turret  
  77  7:16  Planetary Fortress  
  77  7:17  Missile Turret x2  
  77  7:21  Missile Turret  
  77  7:22  Planetary Fortress  
  77  7:26  Missile Turret  
  77  7:29  Missile Turret  
  77  7:43  Missile Turret  
  77  7:45  Missile Turret  
  74  8:11  Refinery  
  74  8:14  Refinery  
  74  8:17  SCV x4  
  84  8:27  Battlecruiser x2  
  84  8:29  Terran Vehicle And Ship Armor Level 1, Terran Vehicle Weapons Level 1  
  90  8:38  Armory  
  90  8:50  Weapon Refit  
  90  8:51  Neosteel Armor  
  90  8:53  Factory Tech Lab  
  90  8:58  Planetary Fortress  
  90  8:59  Missile Turret  
  90  9:05  Starport Tech Lab  
  90  9:09  Ghost Academy  
  90  9:10  Starport  
  90  9:21  Missile Turret  
  90  9:26  SCV x4  
  90  9:27  SCV  
  90  9:29  Missile Turret  
  95  9:38  SCV x3  
  96  9:41  Missile Turret  
  98  9:49  Missile Turret  
  98  10:03  Refinery  
  98  10:04  Supply Depot  
  98  10:06  Supply Depot  
  98  10:08  Supply Depot  
  98  10:27  Refinery  
  98  10:28  Battlecruiser, SCV, Supply Depot  
  99  10:30  SCV x4, Supply Depot  
  99  10:32  Supply Depot  
  102  10:36  Terran Vehicle Weapons Level 2  
  102  10:37  Terran Vehicle And Ship Armor Level 2  
  114  10:50  Battlecruiser x2  
  108  11:32  Battlecruiser  
  114  11:54  Battlecruiser  
  114  12:00  Command Center  
  114  12:11  SCV x2  
  114  12:15  Command Center  
  116  12:17  Missile Turret  
  116  12:18  Terran Ship Weapons Level 1  
  116  12:25  Missile Turret  
  116  12:28  Missile Turret  
  116  12:38  Missile Turret  
  116  12:46  Missile Turret  
  116  12:48  Refinery  
  116  12:52  Command Center, Supply Depot  
  116  12:54  Supply Depot x2  
  116  12:56  Supply Depot  
  116  12:57  Supply Depot  
  116  12:59  Refinery  
  116  13:11  SCV x4  
  116  13:12  Battlecruiser  
  126  13:14  Battlecruiser  
  126  13:17  Terran Vehicle And Ship Armor Level 3, Terran Vehicle Weapons Level 3  
  126  13:19  Battlecruiser  
  138  13:24  SCV x3  
  138  13:25  Refinery  
  140  13:50  Refinery  
  138  13:56  Planetary Fortress  
  138  14:06  Planetary Fortress  
  138  14:15  Widow Mine  
  138  14:16  Drilling Claws  
  140  14:18  Cloaking Field  
  140  14:19  Terran Infantry Weapons Level 1  
  140  14:37  Widow Mine  
  142  14:44  Sensor Tower, SCV  
  143  14:57  Planetary Fortress  
  143  15:00  Missile Turret  
  143  15:02  Missile Turret  
  143  15:22  Missile Turret  
  143  15:41  Command Center  
  143  15:43  Command Center x2, Ghost Academy  
  143  15:47  Ghost Academy  
  143  15:49  Ghost Academy  
  143  15:52  Ghost Academy  
  143  15:54  Ghost Academy  
  143  15:55  Ghost Academy  
  143  15:56  Missile Turret x2  
  143  15:57  Ghost Academy  
  143  15:59  Missile Turret  
  143  16:08  SCV  
  143  16:09  SCV x3  
  143  16:10  SCV x3  
  150  16:14  Terran Ship Weapons Level 2  
  150  16:18  Missile Turret  
  150  16:19  Missile Turret  
  150  16:24  Missile Turret  
  150  16:31  Nuke x2, Personal Cloaking  
  150  16:38  Command Center  
  150  16:41  Missile Turret  
  150  16:45  Missile Turret  
  150  16:49  Missile Turret  
  150  16:51  Barracks Tech Lab  
  150  16:58  Missile Turret  
  150  17:02  Missile Turret  
  150  17:03  Missile Turret  
  150  17:05  Refinery  
  150  17:08  Refinery  
  150  17:16  Supply Depot  
  150  17:28  Orbital Command x2  
  150  17:29  Orbital Command  
  150  17:31  Nuke x2  
  150  17:32  Nuke x3  
  150  17:35  Ghost  
  152  17:39  Supply Depot  
  152  17:50  Barracks  
  152  17:52  Barracks  
  152  17:56  Supply Depot x2  
  152  17:57  Nuke  
  152  18:00  Supply Depot  
  152  18:01  Supply Depot  
  152  18:03  Ghost  
  154  18:17  Refinery  
  154  18:22  Refinery  
  154  18:23  Refinery  
  154  18:25  Supply Depot  
  154  18:26  Battlecruiser x2  
  166  18:32  Ghost  
  168  18:47  Supply Depot  
  168  18:48  Supply Depot  
  166  18:58  Supply Depot  
  166  19:00  Ghost  
  168  19:10  Supply Depot  
  168  19:11  Combat Shield  
  168  19:13  Terran Infantry Weapons Level 2  
  168  19:15  Rapid Reignition System, Barracks Tech Lab  
  168  19:16  Advanced Ballistics  
  168  19:17  Hyperflight Rotors  
  168  19:22  Barracks Tech Lab  
  164  19:29  Ghost  
  166  19:59  Terran Ship Weapons Level 3  
  148  20:26  SCV  
  143  20:31  Stimpack  
  143  21:29  Terran Infantry Armor Level 1  
  143  21:41  Supply Depot  
  143  21:53  Orbital Command  
  143  21:56  Command Center  
  143  21:58  Command Center  
  143  22:05  Command Center  
  143  22:20  Ghost  
  145  22:32  Concussive Shells  
  145  22:48  Ghost  
  147  23:15  Command Center  
  147  23:17  Ghost  
  147  23:18  Nuke x2  
  147  23:19  Nuke x4  
  143  23:45  Ghost  
  142  26:07  Infernal Pre-Igniter  
  142  26:33  Planetary Fortress  
  142  27:25  Smart Servos  
  142  28:01  SCV  
  142  28:44  Mag-Field Accelerator  
  142  29:28  Reaper  
  143  29:32  Command Center  
  143  29:34  Refinery  
  143  30:52  Orbital Command  
  143  30:55  Missile Turret  
  143  31:00  Refinery  
  143  31:15  Missile Turret  
  142  31:37  Missile Turret  
  142  32:09  Command Center  
  142  32:11  Missile Turret  
  142  32:32  Missile Turret  
  130  32:54  Refinery  
  104  33:18  Refinery  
  95  34:01  Command Center  
  95  34:03  Refinery  
  95  34:06  Refinery  
  95  34:16  Missile Turret  
  94  34:19  Missile Turret  
  94  34:23  Missile Turret  
  93  34:37  Missile Turret  
  93  34:42  Missile Turret  
  87  34:46  Missile Turret  
  75  35:00  Missile Turret  
  74  35:09  Missile Turret  
  72  35:24  Missile Turret  
  62  37:49  Missile Turret x2  
  62  37:50  Missile Turret x3  
  62  37:51  Missile Turret  
  62  37:52  Missile Turret x2  
  62  37:53  Missile Turret x3  
  62  37:54  Missile Turret x3  
  62  37:55  Missile Turret  
  62  37:56  Missile Turret  
  62  38:08  Nuke  
  62  38:09  Nuke x7  
  62  38:19  Factory  
  62  38:20  Factory  
  62  38:21  Factory  
  62  38:22  Factory  
  62  38:25  Factory  
  62  38:27  Factory x3  
  62  38:30  Factory  
  62  38:35  Command Center  
  62  39:06  Factory  
  62  39:08  Factory  
  62  39:09  Factory  
  62  39:10  Factory  
  62  39:23  Factory Tech Lab x4  
  62  39:24  Factory Tech Lab x4  
  62  39:49  Refinery  
  62  40:03  Cyclone x6  
  62  40:04  Cyclone x3  
  89  40:10  Orbital Command  
  89  40:15  Missile Turret  
  89  40:16  Factory Tech Lab x2  
  89  40:29  Factory Tech Lab  
  89  40:35  Cyclone x5  
  101  40:36  Missile Turret, Cyclone x4  
  113  40:56  Missile Turret  
  113  41:07  Cyclone x4  
  113  41:08  Cyclone x5  
  140  41:39  Cyclone x4  
  151  41:40  Cyclone x2  
  157  42:41  Orbital Command  
  111  47:27  Command Center  
  111  47:33  Command Center  
  111  47:34  Command Center  
  111  47:36  Command Center  
  111  47:39  Command Center x2  
  111  47:41  Refinery, Command Center  
  111  47:42  Command Center  
  111  47:43  Command Center  
  111  50:02  Engineering Bay  
  108  50:49  Planetary Fortress  
  108  50:51  Planetary Fortress  
  108  50:54  Planetary Fortress  
  108  51:25  Planetary Fortress  
  108  51:54  Planetary Fortress  
  108  52:03  Planetary Fortress  
  107  53:44  Thor x3  
  107  53:45  Thor x2, Factory Tech Lab  
  137  54:01  Thor  
  137  54:02  Thor x5  
  173  54:11  Factory Tech Lab  
  173  54:27  Thor x4  
  194  55:44  Factory Tech Lab  
  191  58:01  Thor x10  
Show
View Real Time Build Order
Export as new Build Order

TiPtOP Terran 

Build Orders:  

Get SALT Encoding   

  12  0:01  SCV  
  13  0:13  SCV  
  14  0:19  Supply Depot  
  14  0:27  SCV  
  15  0:40  SCV  
  16  0:49  Barracks  
  16  0:52  SCV  
  16  0:54  Refinery  
  17  1:04  SCV  
  18  1:16  SCV  
  19  1:46  Barracks Reactor, Command Center  
  19  1:52  SCV  
  20  1:54  Barracks  
  20  2:18  SCV  
  20  2:22  Marine x2  
  22  2:35  SCV  
  23  2:57  Marine  
  23  2:58  SCV, Supply Depot  
  25  2:59  Barracks Tech Lab  
  25  3:06  SCV  
  25  3:07  Supply Depot  
  25  3:12  Orbital Command  
  26  3:18  SCV  
  27  3:23  Marine x2, Marauder  
  27  3:26  Barracks  
  31  3:30  SCV  
  32  3:38  SCV  
  33  3:43  SCV  
  33  3:45  Marine x2  
  33  3:46  Marauder  
  38  3:52  Factory  
  38  3:55  SCV  
  39  3:57  Refinery  
  39  3:59  SCV  
  40  4:11  SCV  
  40  4:12  Marine  
  40  4:13  Marine, Marauder  
  40  4:15  Barracks Reactor  
  45  4:21  SCV  
  46  4:27  Supply Depot x2  
  46  4:38  Factory Reactor  
  46  4:42  Starport  
  46  4:46  Marine x2  
  46  4:47  Marine  
  46  4:52  Stimpack  
  49  4:54  Orbital Command  
  49  4:55  SCV  
  50  5:05  Marauder  
  52  5:07  SCV  
  52  5:09  Marine x4  
  57  5:26  Marauder  
  57  5:28  Marine x4  
  62  5:30  Factory Reactor  
  62  5:33  Medivac  
  65  5:38  Medivac  
  67  5:48  Marauder  
  69  5:51  SCV  
  69  5:56  Supply Depot  
  70  6:18  SCV  
  70  7:00  Marine x3  
  70  7:01  Marine, Marauder  
  76  7:19  Starport  
  76  7:22  Engineering Bay  
  78  7:23  Marauder  
  78  7:26  Factory Tech Lab  
  78  7:32  Supply Depot  
  78  7:34  Supply Depot  
  78  7:35  Supply Depot  
  78  7:47  Marine x3, Marauder  
  74  7:58  Liberator  
  68  8:09  Marauder  
  69  8:13  Siege Tank  
  75  8:20  Terran Infantry Weapons Level 1  
  75  8:25  Armory  
  75  8:35  Marine x5  
  80  8:45  Siege Tank, Command Center  
  83  8:53  Marine  
  83  8:54  Marauder  
  86  8:56  Refinery  
  86  9:15  Marauder  
  88  9:35  Marine  
  88  9:36  Marine x3  
  88  9:37  Marauder  
  94  9:46  Siege Tank  
  97  9:58  Marauder  
  99  10:01  Missile Turret  
  99  10:18  Siege Tank  
  99  10:19  Marauder  
  103  10:22  Missile Turret  
  82  10:39  Marine x4  
  82  10:41  Marauder  
  82  10:42  Viking x3  
  84  10:43  Viking  
  83  10:57  Marine x4  
  83  11:02  Marine  
  88  11:14  Marine  
  69  11:39  Marine x2  
  63  11:40  Marine x3  
  61  11:57  Marine x4  
  55  12:24  Medivac x2  
  55  12:26  Viking  
  61  12:33  SCV, Command Center  
  57  12:45  SCV  
  57  12:49  Marine x4  
  62  12:57  SCV  
  63  12:59  Refinery  
  59  13:17  SCV  
  60  13:29  SCV  
  61  13:41  SCV, Marine x3  
  49  13:42  Marine  
  49  13:45  Viking x2  
  53  13:56  SCV  
  54  14:08  SCV  
  51  14:38  SCV  
  52  14:40  Marine  
  52  14:41  Marine x4  
  57  14:55  SCV  
  57  14:58  Marine x2  
  57  14:59  Marine x3  
  63  15:06  Refinery, SCV  
  64  15:07  Refinery, SCV  
  64  15:09  SCV  
  66  15:16  Marine  
  66  15:18  SCV  
  66  15:19  SCV  
  66  15:21  SCV  
  70  15:27  Viking x2  
  74  15:38  Widow Mine  
  74  15:42  Marine x5  
  81  15:57  Viking  
  81  15:58  SCV  
  81  15:59  Widow Mine, Marine  
  81  16:00  Marine  
  88  16:10  SCV  
  89  16:21  Widow Mine  
  89  16:25  SCV  
  92  16:37  SCV  
  93  17:14  SCV  
  94  17:16  SCV  
  94  17:19  Viking x2  
  94  17:21  Marine x5  
  104  17:24  Siege Tank  
  104  17:26  SCV  
  104  17:28  SCV  
  109  17:30  Supply Depot x2  
  109  17:34  Terran Infantry Armor Level 1, Supply Depot  
  109  17:38  SCV  
  109  17:39  Marine x5  
  115  17:56  Siege Tank, Marine  
  117  18:14  SCV  
  118  18:26  SCV  
  119  18:28  Siege Tank  
  122  18:38  SCV  
  88  20:30  Marine x3  
  90  20:53  Starport Tech Lab x2  
  90  20:54  SCV  
  91  21:03  Armory  
  82  21:06  SCV  
  63  21:53  Fusion Core  
  62  22:02  Viking  
  62  22:03  Viking  
  66  22:09  Factory Tech Lab  
  66  22:18  Missile Turret  
  66  22:27  Missile Turret  
  66  22:32  Viking  
  66  22:33  Viking  
  70  22:41  Missile Turret  
  70  23:02  Viking  
  70  23:03  Viking  
  70  23:04  Missile Turret  
  47  23:32  Viking x2  
  41  24:02  Viking x2  
  45  24:32  Viking x2  
  47  25:02  Viking x2  
  51  25:32  Viking x2  
  54  25:55  Starport  
  54  26:00  Armory  
  54  26:25  Viking x2  
  56  27:22  Siege Tank  
  58  27:24  Terran Vehicle Weapons Level 1  
  58  27:32  SCV  
  60  27:44  SCV  
  60  27:54  Siege Tank  
  55  28:49  Fusion Core  
  55  28:59  Orbital Command  
  55  29:01  Missile Turret  
  55  29:02  Missile Turret  
  52  29:24  Refinery  
  52  29:26  Refinery  
  52  29:53  Starport Tech Lab  
  52  29:57  Battlecruiser x2  
  64  30:02  Weapon Refit  
  64  30:15  Orbital Command  
  64  30:18  Battlecruiser  
  70  30:34  Command Center  
  70  30:55  Terran Ship Weapons Level 1  
  67  31:33  Battlecruiser  
  67  31:34  Battlecruiser x2  
  82  31:56  SCV  
  82  31:58  SCV  
  84  32:08  SCV  
  84  32:10  SCV  
  86  32:20  SCV  
  86  32:22  SCV  
  87  32:38  Battlecruiser x3  
  87  33:42  Battlecruiser  
  87  33:48  Terran Vehicle And Ship Armor Level 1  
  93  33:55  Armory  
  93  34:01  Armory  
  93  34:27  Battlecruiser  
  87  34:46  Battlecruiser  
  87  35:00  Starport Tech Lab  
  86  35:25  Orbital Command  
  80  37:01  Supply Depot  
  80  37:08  SCV  
  79  37:20  SCV  
  74  37:25  Supply Depot  
  68  37:32  SCV  
  63  37:59  SCV  
  63  38:02  Supply Depot  
  64  38:11  SCV  
  65  38:23  SCV  
  66  39:25  Command Center  
  62  40:23  SCV  
  63  40:34  Terran Vehicle And Ship Armor Level 2  
  64  40:35  SCV  
  64  40:47  SCV  
  65  41:31  Supply Depot  
  65  41:36  Refinery  
  65  41:37  SCV  
  66  41:49  SCV  
  67  42:01  Refinery  
  67  42:07  SCV  
  40  46:02  SCV  
  41  46:14  SCV  
  30  46:37  Supply Depot  
  30  46:39  Supply Depot  
  30  47:01  SCV, Supply Depot  
  31  47:04  Supply Depot  
  31  47:13  SCV  
  32  48:09  SCV  
  33  48:27  SCV  
  34  48:28  Starport  
  34  48:33  Factory Reactor  
  33  49:00  Barracks  
  33  49:03  Barracks  
  33  49:12  Widow Mine x2  
  37  49:28  Starport Tech Lab  
  36  50:24  Battlecruiser  
  42  50:54  Marine x2  
  44  51:05  Widow Mine x2  
  48  51:12  Marine x2  
  50  51:29  Battlecruiser  
  42  52:33  Battlecruiser  
  37  53:35  Orbital Command  
  37  53:57  Command Center  
  33  54:44  Orbital Command  
  33  56:09  SCV  
  34  56:13  Factory Reactor  
  34  56:21  SCV  
  35  56:50  SCV  
  36  57:45  SCV  
Tags
 
Add a new tag
Caveats
  • Supply blocks, unpowered buildings, or Contaminate may cause inaccurate times.
  • Supply counts are checked every 10 seconds.